 Dungeon Crawl Stone Soup version 0.26.1-2-gb8aa6d0 (webtiles) character file.

Game seed: 10035287233086407741

88 Geeful the Sneak (level 4, -1/33 HPs)
             Began as an Octopode Delver on Mar 18, 2021.
             Slain by Edmund
             ... wielding a +2 vorpal flail
              (4 damage)
             ... on level 4 of the Dungeon.
             The game lasted 00:02:38 (215 turns).

Geeful the Sneak (Octopode Delver)                   Turns: 215, Time: 00:02:39

Health: -1/33      AC:  1    Str: 11    XL:     4   Next: 54%
Magic:  4/4        EV: 14    Int: 13    God:
Gold:   32         SH:  0    Dex: 13    Spells: 3/3 levels left

rFire    . . .     SeeInvis .   a - +0 short sword
rCold    . . .     Faith    .   (no shield)
rNeg     . . .     Spirit   .   (helmet restricted)
rPois    .         Reflect  .   (no amulet)
rElec    .         Harm     .   (no ring)
rCorr    .         Rampage  .   (no ring)
Will     .....                  (no ring)
Stlth    +++++.....             (no ring)
HPRegen  0.11/turn              (no ring)
MPRegen  0.09/turn              (no ring)
                                (no ring)
                                (no ring)

@: no status effects
A: almost no armour, stealthy swim, amphibious, 8 rings, constrict 8, camouflage
1, gelatinous body 1
a: no special abilities


You were on level 4 of the Dungeon.
You visited 1 branch of the dungeon, and saw 3 of its levels.

You collected 32 gold pieces.

Inventory:

Hand Weapons
 a - a +0 short sword (weapon)
Wands
 f - a wand of digging (3)
Scrolls
 b - a scroll of fog
 c - a scroll of magic mapping
Potions
 e - a potion of haste
 h - a potion of attraction
 i - a potion of berserk rage


   Skills:
 + Level 3.8 Fighting
 - Level 2.0 Short Blades
 + Level 3.0 Dodging
 + Level 7.5 Stealth


You had 3 spell levels left.
You didn't know any spells.
Your spell library was empty.

Dungeon Overview and Level Annotations

Branches:
Dungeon (6/15)
 Temple: D:4-7

Altars:
Xom

Annotations:
D:4 1 transporter, Edmund; bogs101's ghost, amateur DEWz
D:5 exclusion: upstairs


Innate Abilities, Weirdness & Mutations

You cannot wear most types of armour.
You are very stealthy in the water. (Stealth+)
You are amphibious.
You can wear up to eight rings at the same time.
You can use your tentacles to constrict eight enemies at once.
Your skin changes colour to match your surroundings (Stealth+).
Your rubbery body absorbs attacks. (AC +1, EV +1)


Message History

The orc wizard flickers and vanishes!
Deactivating autopickup; reactivate with Ctrl-A.
A quokka comes into view.
Found 18 gold pieces and a leatherbound book.
The quokka barely misses you.
The ogre shouts!
You hear a shout!
The quokka completely misses you.
Found 5 gold pieces.
Found a transporter.
The quokka bites you.
Found 22 gold pieces.
Found 19 stones and a potion of berserk rage.
Found a stone staircase leading up.
Found a transporter.
The quokka closely misses you.
Found a glowing war axe.
You see here a book of Cantrips.
There is a transporter here.
You enter the transporter and appear at another place.
The quokka closely misses you. Edmund hits you with a +2 vorpal flail!
* * * LOW HITPOINT WARNING * * *
You die...

########.....##
#......#......#. #.##
##.#.#..#.#......). #...
...#..##..#.......# ...###
....#..##..#.......# .....
.....#r#.!#.#©...<..#
..)##.....#@....$#.......#
#..... ...#@#..#O#§.......
#...#.....#.. #..#........
#>..h....#..##..#:.......
#.#o.....#.#..#W#.......#
..##@....#©(....#.......#
.o##..##..########ol.....#
...#>o..#
........$.......#
........##.#
#.###.##.....#..


You could see Edmund, an ogre and a quokka.

Vanquished Creatures
  A howler monkey (D:4)
  An iguana (D:5)
  A worker ant (D:5)
  A giant cockroach (D:5)
  A frilled lizard (D:5)
5 creatures vanquished.

Notes
Turn   | Place    | Note
-------+----------+-------------------------------------------
     0 | D:5      | Geeful the Octopode Delver began the quest for the Orb.
     0 | D:5      | Reached XP level 1. HP: 16/16 MP: 1/1
    24 | D:4      | Noticed an orc wizard
    24 | D:4      | Noticed an orc wizard
    24 | D:4      | Noticed an orc priest
    54 | D:5      | Noticed a worker ant
    63 | D:5      | Killed a worker ant
    64 | D:5      | Reached skill level 7 in Stealth
    64 | D:5      | Reached XP level 2. HP: 21/21 MP: 2/2
    64 | D:5      | Reached XP level 3. HP: 26/26 MP: 3/3
   119 | D:5      | Found a shimmering altar of Xom.
   157 | D:5      | Noticed an ogre
   162 | D:4      | Noticed Edmund
   194 | D:4      | Reached XP level 4. HP: 18/33 MP: 4/4
   205 | D:4      | Noticed bogs101's ghost (amateur DEWz)
   207 | D:4      | Found a transporter.
   207 | D:4      | Noticed an ogre
   209 | D:4      | Found a transporter.
   209 | D:4      | Identified the +4 great mace "Foesam" {vorpal, Fragile rF+
                  | Str+4 Dex+4}
   209 | D:4      | Noticed an ogre
   215 | D:4      | Slain by Edmund

Illustrated notes

Levels and vault maps discovered:
D:4:      layout_rooms, gammafunk_ghost_smash, uniq_duvessa, uniq_edmund
D:5:      layout_rooms, kennysheep_mini_moat
D:6:      gammafunk_cloud_chamber, layout_loops_ring, basic_altar,
          kennysheep_small_spiral, grunt_decor_one_mirror, uniq_blork_the_orc,
          uniq_crazy_yiuf_cottage

Skill      XL: |  1  2  3 |
---------------+----------+-----
Stealth        | 7 |  7.5
Dodging        | 3 |  3.0
Fighting       | |  3.8
Short Blades   | |  2.0

Action                   |  1- 3 |  4- 6 || total
-------------------------+-------+-------++-------
Melee: Short sword       |     9 |     1 ||    10
       Constrict         |     2 |       ||     2
       Tentacles         |     2 |       ||     2
  Use: Scroll            |     2 |     2 ||     4
 Stab: Sleeping          |     4 |       ||     4
Dodge: Dodged            |     5 |     7 ||    12
